Avalanche vs Flyers

Created - December 23 2011 at 18:14

Goals
1 2 3 OT1 SO T
Avalanche 1 0 3 0 2 5
Flyers 2 1 1 0 0 4
Shots
1 2 3 OT1 SO T
Avalanche 6 5 12 0 2 23
Flyers 10 9 7 0 2 26

Period #1

1. Flyers , Rostislav Klesla 6 (Lee Stempniak, Ladislav Smid) at 9:08
2. Flyers , Kevin Bieksa 8 (Andrej Sekera, Tim Connolly) at 9:53 (PP)
3. Avalanche , Daniel Briere 21 (T.J. Oshie, Teemu Selanne) at 16:46

Penalties :
Raffi Torres (PHI) for Tripping (Minor) at 0:48, Johan Franzen (COL) for Hooking (Minor) at 0:48, Mike Knuble (COL) for Cross-checking (Minor) at 6:36, Paul Mara (COL) for Interference (Minor) at 9:13, Derek Stepan (COL) for Hooking (Minor) at 9:56, Daniel Briere (COL) for Slashing (Minor) at 12:51, Chris Pronger (PHI) for Cross-checking (Minor) at 16:51

Period #2

4. Flyers , Kyle Brodziak 3 (Brandon McMillan, Chris Pronger) at 14:07

Penalties :
T.J. Oshie (COL) for Cross-checking (Minor) at 6:00, Chris Pronger (PHI) for Tripping (Minor) at 8:53, Chris Pronger (PHI) for Roughing (Minor) at 11:43, Ladislav Smid (PHI) for Hooking (Minor) at 14:14, Raffi Torres (PHI) for Roughing (Minor) at 16:30

Period #3

5. Avalanche , Teemu Selanne 18 (Kevin Shattenkirk, Daniel Briere) at 5:48 (PP)
6. Flyers , Kevin Bieksa 9 (Andrej Sekera, Niklas Hagman) at 7:21 (PP)
7. Avalanche , John Carlson 7 (Teemu Selanne, Daniel Briere) at 9:26
8. Avalanche , Olli Jokinen 6 (T.J. Oshie, Kevin Shattenkirk) at 17:48 (PP)

Penalties :
Rostislav Klesla (PHI) for Hooking (Minor) at 1:18, Pascal Dupuis (PHI) for Holding (Minor) at 5:12, Paul Mara (COL) for Delaying the game (Minor) at 6:07, Ladislav Smid (PHI) for Holding (Minor) at 16:56

Overtime #1

No Goal

Penalties :
Kevin Bieksa (PHI) for Fighting (Major) at 1:11, Kevin Klein (COL) for Fighting (Major) at 1:11, Brendan Morrison (PHI) for Fighting (Major) at 1:11, Daniel Briere (COL) for Fighting (Major) at 1:11, Radim Vrbata (PHI) for Fighting (Major) at 1:11, Teemu Selanne (COL) for Fighting (Major) at 1:11, Andrej Sekera (PHI) for Roughing (Minor) at 1:11, Jason Demers (COL) for Cross-checking (Minor) at 1:11

Shootout

Penalty Shot by Teemu Selanne for Avalanche - Goal!
Penalty Shot by Niklas Hagman for Flyers - Stopped by Antti Niemi
Penalty Shot by Daniel Briere for Avalanche - Goal!
Penalty Shot by Brendan Morrison for Flyers - Stopped by Antti Niemi

Penalties :
No Penalty

Goalie Stats

Joey MacDonald (COL), 19 saves from 23 shots - (0.826), 47:21 minutes
Antti Niemi (COL), 3 saves from 3 shots - (1.000), W, 22-10-2, 17:39 minutes
Tomas Vokoun (PHI), 19 saves from 23 shots - (0.826), OTL, 16-12-3, 65:00 minutes

Players Stats

Avalanche
Player Name              G  A  P  +/- PIM S  H  SB FO    MP 
------------------------------------------------------------
Bryan Bickell            0  0  0   0  0   0  0  0  0/0   8  
Daniel Briere            1  2  3   2  7   3  0  0  6/21  19 
Derek Stepan             0  0  0  -1  2   3  0  0  0/0   12 
Jason Demers             0  0  0  -1  2   0  0  3  0/0   22 
Johan Franzen            0  0  0  -1  2   1  1  0  2/3   18 
John Carlson             1  0  1   2  0   2  0  0  0/0   24 
Justin Abdelkader        0  0  0   0  0   0  0  0  7/13  9  
Kevin Klein              0  0  0   0  5   1  2  2  0/0   21 
Kevin Shattenkirk        0  2  2  -1  0   1  1  2  0/0   21 
Michael Del Zotto        0  0  0   1  0   1  3  0  0/0   20 
Mike Knuble              0  0  0  -1  2   1  0  0  0/1   14 
Milan Hejduk             0  0  0  -1  0   0  0  0  2/3   20 
Olli Jokinen             1  0  1  -1  0   2  2  0  7/15  19 
Paul Mara                0  0  0  -1  4   1  2  1  0/0   15 
Shawn Horcoff            0  0  0  -1  0   1  0  0  4/14  12 
T.J. Oshie               0  2  2   2  2   1  3  1  7/12  22 
Teemu Selanne            1  2  3   2  5   5  2  0  0/1   20 
Tomas Kopecky            0  0  0   0  0   0  0  0  1/1   11 
Flyers
Player Name              G  A  P  +/- PIM S  H  SB FO    MP 
------------------------------------------------------------
Andrei Markov            0  0  0   0  0   2  0  0  0/0   24 
Andrej Sekera            0  2  2  -1  2   4  2  3  0/0   24 
Brandon McMillan         0  1  1   1  0   1  1  0  1/2   8  
Brendan Morrison         0  0  0  -1  5   1  1  1  11/18 13 
Chris Pronger            0  1  1   0  6   5  1  2  0/0   24 
John Madden              0  0  0   1  0   0  0  0  8/16  16 
Kevin Bieksa             2  0  2  -1  5   3  1  3  0/0   23 
Kyle Brodziak            1  0  1   1  0   2  1  0  9/11  13 
Ladislav Smid            0  1  1   1  4   1  4  1  0/0   18 
Lee Stempniak            0  1  1   1  0   2  1  0  0/0   17 
Niklas Hagman            0  1  1  -1  0   0  1  0  0/1   16 
Nino Niederreiter        0  0  0   1  0   0  0  0  2/3   16 
Pascal Dupuis            0  0  0  -1  2   2  2  1  0/0   20 
Radim Vrbata             0  0  0  -1  5   1  0  0  1/1   15 
Raffi Torres             0  0  0  -1  4   1  4  0  0/3   20 
Randy Jones              0  0  0   1  0   0  0  0  1/1   5  
Rostislav Klesla         1  0  1   1  2   1  0  0  0/0   15 
Tim Connolly             0  1  1  -1  0   0  0  0  15/28 18 

3 Stars

1 - Teemu Selanne (COL)
2 - T.J. Oshie (COL)
3 - John Carlson (COL)

Power Play

Avalanche - 2 on 8 Attempt(s) - 25.00%
Flyers - 2 on 6 Attempt(s) - 33.33%

Penalty Kill

Avalanche - 4 on 6 Attempt(s) - 66.67% - Score 0 goal in Penalty Kill
Flyers - 6 on 8 Attempt(s) - 75.00% - Score 0 goal in Penalty Kill

Game Notes

Antti Niemi enters game at 7:21 of 3rd period
General Fight at 1:11 of 1st overtime period
Kevin Bieksa beats up Kevin Klein at 1:11 of 1st overtime period
Brendan Morrison and Daniel Briere fight to a draw at 1:11 of 1st overtime period
Teemu Selanne beats up Radim Vrbata at 1:11 of 1st overtime period

Finance

Level 1 -- Attendance: 5234 (80.52%) -- Ticket Income $497,230.00
Level 2 -- Attendance: 3746 (74.92%) -- Ticket Income $202,284.00
Level 3 -- Attendance: 2546 (72.74%) -- Ticket Income $89,110.00
Level 4 -- Attendance: 2635 (74.50%) -- Ticket Income $39,525.00
Luxury Box -- Attendance: 800 (80.00%) -- Ticket Income $153,600.00
Game was played at the Wells Fargo Center
Total Attendance: 14961 (76.58%)
Total Ticket Income: $1,051,501.00
Other Income: $195,491.10
Total Income: $1,246,992.00


Play by Play

Period #1

0:01 of 1st period - Tim Connolly wins face-off versus Daniel Briere in neutral zone.
0:27 of 1st period - Shot by Teemu Selanne.
0:27 of 1st period - Stopped by Tomas Vokoun without a rebound.
0:28 of 1st period - Brendan Morrison wins face-off versus Olli Jokinen in Flyers zone.
0:28 of 1st period - Andrej Sekera is hit by Olli Jokinen and loses puck.
0:48 of 1st period - Minor Penalty to Raffi Torres for Tripping.
0:48 of 1st period - Minor Penalty to Johan Franzen for Hooking.
0:49 of 1st period - Brendan Morrison wins face-off versus Daniel Briere in neutral zone.
1:02 of 1st period - Shot by Radim Vrbata.
1:02 of 1st period - Shot Misses the Net.
1:15 of 1st period - Icing by Andrej Sekera.
1:16 of 1st period - Brendan Morrison wins face-off versus T.J. Oshie in Flyers zone.
1:16 of 1st period - Brendan Morrison is hit by T.J. Oshie.
1:56 of 1st period - Shot by Tim Connolly.
1:56 of 1st period - Shot Blocked by Paul Mara.
2:11 of 1st period - Tim Connolly is hit by Paul Mara and loses puck.
2:22 of 1st period - Kevin Bieksa is hit by T.J. Oshie and loses puck.
2:29 of 1st period - Shot by Brendan Morrison.
2:29 of 1st period - Stopped by Joey MacDonald without a rebound.
2:30 of 1st period - Tim Connolly wins face-off versus Daniel Briere in Avalanche zone.
2:39 of 1st period - Shot by Teemu Selanne.
2:39 of 1st period - Shot Misses the Net.
4:04 of 1st period - Shot by Teemu Selanne.
4:04 of 1st period - Shot Blocked by Brendan Morrison.
4:14 of 1st period - Andrej Sekera is hit by Michael Del Zotto.
5:03 of 1st period - Icing by Kevin Klein.
5:04 of 1st period - Olli Jokinen wins face-off versus John Madden in Avalanche zone.
5:37 of 1st period - Shot by Lee Stempniak.
5:37 of 1st period - Shot Misses the Net.
5:50 of 1st period - Off-side.
5:51 of 1st period - Shawn Horcoff wins face-off versus Brendan Morrison in neutral zone.
5:55 of 1st period - Off-side.
5:56 of 1st period - Shawn Horcoff wins face-off versus Kyle Brodziak in neutral zone.
5:56 of 1st period - Derek Stepan is hit by Brandon McMillan and loses puck.
6:03 of 1st period - Shot by Kyle Brodziak.
6:03 of 1st period - Deflect By Brandon McMillan.
6:03 of 1st period - Shot Misses the Net.
6:19 of 1st period - Shot by Kyle Brodziak.
6:19 of 1st period - Shot Blocked by Jason Demers.
6:21 of 1st period - Shot by Kyle Brodziak.
6:21 of 1st period - Shot Misses the Net.
6:36 of 1st period - Minor Penalty to Mike Knuble for Cross-checking.
6:37 of 1st period - Justin Abdelkader wins face-off versus Tim Connolly in Avalanche zone.
6:37 of 1st period - Justin Abdelkader is hit by Raffi Torres.
7:22 of 1st period - Icing by Kevin Bieksa.
7:23 of 1st period - T.J. Oshie wins face-off versus Tim Connolly in Flyers zone.
7:23 of 1st period - T.J. Oshie is hit by Kevin Bieksa.
7:45 of 1st period - Paul Mara is hit by Pascal Dupuis and loses puck.
7:52 of 1st period - Shot by Radim Vrbata.
7:52 of 1st period - Shot Misses the Net.
8:13 of 1st period - Icing by Brandon McMillan.
8:14 of 1st period - Brandon McMillan wins face-off versus T.J. Oshie in Flyers zone.
8:14 of 1st period - Brandon McMillan is hit by Teemu Selanne.
9:08 of 1st period - Shot by Rostislav Klesla.
9:08 of 1st period - Goal by Rostislav Klesla - Avalanche : 0 - Flyers : 1.
9:09 of 1st period - Kyle Brodziak wins face-off versus Shawn Horcoff in neutral zone.
9:13 of 1st period - Minor Penalty to Paul Mara for Interference.
9:14 of 1st period - Radim Vrbata wins face-off versus Justin Abdelkader in Avalanche zone.
9:15 of 1st period - Shot by Chris Pronger.
9:15 of 1st period - Stopped by Joey MacDonald without a rebound.
9:16 of 1st period - Justin Abdelkader wins face-off versus Tim Connolly in Avalanche zone.
9:43 of 1st period - Shot by Chris Pronger.
9:43 of 1st period - Stopped by Joey MacDonald without a rebound.
9:44 of 1st period - Tim Connolly wins face-off versus T.J. Oshie in Avalanche zone.
9:53 of 1st period - Shot by Kevin Bieksa.
9:53 of 1st period - Goal by Kevin Bieksa - Avalanche : 0 - Flyers : 2.
9:54 of 1st period - John Madden wins face-off versus Shawn Horcoff in neutral zone.
9:56 of 1st period - Minor Penalty to Derek Stepan for Hooking.
9:57 of 1st period - T.J. Oshie wins face-off versus Tim Connolly in Avalanche zone.
10:05 of 1st period - Off-side.
10:06 of 1st period - T.J. Oshie wins face-off versus Tim Connolly in neutral zone.
10:28 of 1st period - Icing by Pascal Dupuis.
10:29 of 1st period - Tim Connolly wins face-off versus T.J. Oshie in Flyers zone.
10:29 of 1st period - Tim Connolly is hit by T.J. Oshie.
10:36 of 1st period - Andrei Markov is hit by Kevin Klein and loses puck.
11:46 of 1st period - Shot by Pascal Dupuis.
11:46 of 1st period - Stopped by Joey MacDonald without a rebound.
11:47 of 1st period - T.J. Oshie wins face-off versus Brandon McMillan in Avalanche zone.
11:47 of 1st period - T.J. Oshie is hit by Pascal Dupuis.
11:56 of 1st period - Icing by Ladislav Smid.
11:57 of 1st period - John Madden wins face-off versus Olli Jokinen in Flyers zone.
12:15 of 1st period - Shot by Ladislav Smid.
12:15 of 1st period - Stopped by Joey MacDonald without a rebound.
12:16 of 1st period - Daniel Briere wins face-off versus Kyle Brodziak in Avalanche zone.
12:33 of 1st period - Andrei Markov is hit by Teemu Selanne and loses puck.
12:51 of 1st period - Minor Penalty to Daniel Briere for Slashing.
12:52 of 1st period - Justin Abdelkader wins face-off versus Tim Connolly in Avalanche zone.
12:52 of 1st period - Justin Abdelkader is hit by Raffi Torres.
13:16 of 1st period - Shot by Andrej Sekera.
13:16 of 1st period - Stopped by Joey MacDonald without a rebound.
13:17 of 1st period - Tim Connolly wins face-off versus T.J. Oshie in Avalanche zone.
13:24 of 1st period - Shot by Rostislav Klesla.
13:24 of 1st period - Shot Misses the Net.
13:28 of 1st period - Shot by Radim Vrbata.
13:28 of 1st period - Shot Misses the Net.
13:30 of 1st period - Shot by Radim Vrbata.
13:30 of 1st period - Stopped by Joey MacDonald with a rebound.
13:34 of 1st period - Shot by Pascal Dupuis.
13:34 of 1st period - Stopped by Joey MacDonald without a rebound.
13:35 of 1st period - Justin Abdelkader wins face-off versus Raffi Torres in Avalanche zone.
13:44 of 1st period - Justin Abdelkader is hit by Niklas Hagman and loses puck.
14:37 of 1st period - Icing by Chris Pronger.
14:38 of 1st period - Nino Niederreiter wins face-off versus Mike Knuble in Flyers zone.
14:43 of 1st period - Shot by Andrei Markov.
14:43 of 1st period - Shot Misses the Net.
14:45 of 1st period - Shot by Radim Vrbata.
14:45 of 1st period - Shot Misses the Net.
15:01 of 1st period - Shot by Milan Hejduk.
15:01 of 1st period - Shot Misses the Net.
15:14 of 1st period - Olli Jokinen is hit by Ladislav Smid and loses puck.
16:13 of 1st period - Shot by Paul Mara.
16:13 of 1st period - Shot Misses the Net.
16:44 of 1st period - Shot by T.J. Oshie.
16:44 of 1st period - Shot Misses the Net.
16:46 of 1st period - Shot by Daniel Briere.
16:46 of 1st period - Goal by Daniel Briere - Avalanche : 1 - Flyers : 2.
16:47 of 1st period - Milan Hejduk wins face-off versus Tim Connolly in neutral zone.
16:51 of 1st period - Minor Penalty to Chris Pronger for Cross-checking.
16:52 of 1st period - Olli Jokinen wins face-off versus John Madden in Flyers zone.
17:05 of 1st period - Shot by Kevin Klein.
17:05 of 1st period - Shot Blocked by Kevin Bieksa.
17:09 of 1st period - Shot by Kevin Shattenkirk.
17:09 of 1st period - Shot Misses the Net.
17:11 of 1st period - Shot by Kevin Klein.
17:11 of 1st period - Stopped by Tomas Vokoun without a rebound.
17:12 of 1st period - Kyle Brodziak wins face-off versus Daniel Briere in Flyers zone.
19:19 of 1st period - Shot by Derek Stepan.
19:19 of 1st period - Stopped by Tomas Vokoun with a rebound.
19:21 of 1st period - Shot by Paul Mara.
19:21 of 1st period - Stopped by Tomas Vokoun with a rebound.
19:25 of 1st period - Shot by Shawn Horcoff.
19:25 of 1st period - Stopped by Tomas Vokoun with a rebound.

Period #2

0:01 of 2nd period - Tim Connolly wins face-off versus Daniel Briere in neutral zone.
0:09 of 2nd period - Icing by John Carlson.
0:10 of 2nd period - Daniel Briere wins face-off versus Niklas Hagman in Avalanche zone.
0:43 of 2nd period - Teemu Selanne is hit by Andrej Sekera and loses puck.
2:36 of 2nd period - Icing by Lee Stempniak.
2:37 of 2nd period - John Madden wins face-off versus Shawn Horcoff in Flyers zone.
2:41 of 2nd period - Off-side.
2:42 of 2nd period - Shawn Horcoff wins face-off versus Brendan Morrison in neutral zone.
2:44 of 2nd period - Jason Demers is hit by Andrej Sekera and loses puck.
3:29 of 2nd period - Derek Stepan is hit by Raffi Torres.
3:51 of 2nd period - Shot by Radim Vrbata.
3:51 of 2nd period - Shot Misses the Net.
3:59 of 2nd period - Shot by Tim Connolly.
3:59 of 2nd period - Shot Misses the Net.
4:03 of 2nd period - Shot by Pascal Dupuis.
4:03 of 2nd period - Shot Misses the Net.
4:15 of 2nd period - Shot by Pascal Dupuis.
4:15 of 2nd period - Shot Blocked by Jason Demers.
4:17 of 2nd period - Shot by Chris Pronger.
4:17 of 2nd period - Shot Blocked by Jason Demers.
4:22 of 2nd period - Shot by Chris Pronger.
4:22 of 2nd period - Stopped by Joey MacDonald with a rebound.
4:24 of 2nd period - Shot by Kevin Bieksa.
4:24 of 2nd period - Stopped by Joey MacDonald with a rebound.
4:51 of 2nd period - Icing by John Madden.
4:52 of 2nd period - Olli Jokinen wins face-off versus John Madden in Flyers zone.
5:44 of 2nd period - Kyle Brodziak is hit by Michael Del Zotto and loses puck.
6:00 of 2nd period - Minor Penalty to T.J. Oshie for Cross-checking.
6:01 of 2nd period - Tim Connolly wins face-off versus Justin Abdelkader in Avalanche zone.
6:04 of 2nd period - Shot by Andrej Sekera.
6:04 of 2nd period - Stopped by Joey MacDonald without a rebound.
6:05 of 2nd period - Justin Abdelkader wins face-off versus Tim Connolly in Avalanche zone.
6:14 of 2nd period - Shot by Andrej Sekera.
6:14 of 2nd period - Stopped by Joey MacDonald with a rebound.
7:09 of 2nd period - Andrei Markov is hit by Kevin Shattenkirk and loses puck.
7:14 of 2nd period - Shot by Andrei Markov.
7:14 of 2nd period - Shot Misses the Net.
7:16 of 2nd period - Shot by Chris Pronger.
7:16 of 2nd period - Shot Blocked by Kevin Shattenkirk.
7:18 of 2nd period - Shot by Chris Pronger.
7:18 of 2nd period - Shot Blocked by Kevin Shattenkirk.
7:20 of 2nd period - Shot by Andrei Markov.
7:20 of 2nd period - Stopped by Joey MacDonald with a rebound.
7:22 of 2nd period - Shot by Chris Pronger.
7:22 of 2nd period - Shot Misses the Net.
7:26 of 2nd period - Shot by Andrei Markov.
7:26 of 2nd period - Shot Misses the Net.
7:44 of 2nd period - Shot by Andrej Sekera.
7:44 of 2nd period - Stopped by Joey MacDonald without a rebound.
7:45 of 2nd period - Tim Connolly wins face-off versus Teemu Selanne in Avalanche zone.
7:45 of 2nd period - Tim Connolly is hit by Kevin Klein.
8:05 of 2nd period - Shot by John Madden.
8:05 of 2nd period - Shot Misses the Net.
8:25 of 2nd period - Shot by Olli Jokinen.
8:25 of 2nd period - Stopped by Tomas Vokoun with a rebound.
8:50 of 2nd period - Shot by Teemu Selanne.
8:50 of 2nd period - Shot Misses the Net.
8:53 of 2nd period - Minor Penalty to Chris Pronger for Tripping.
8:54 of 2nd period - Kyle Brodziak wins face-off versus Daniel Briere in Flyers zone.
9:13 of 2nd period - Andrej Sekera is hit by Johan Franzen and loses puck.
10:38 of 2nd period - Icing by T.J. Oshie.
10:39 of 2nd period - Shawn Horcoff wins face-off versus John Madden in Avalanche zone.
11:42 of 2nd period - Olli Jokinen is hit by Chris Pronger and loses puck.
11:43 of 2nd period - Minor Penalty to Chris Pronger for Roughing.
11:44 of 2nd period - Daniel Briere wins face-off versus John Madden in Flyers zone.
12:40 of 2nd period - Shot by Olli Jokinen.
12:40 of 2nd period - Shot Misses the Net.
12:44 of 2nd period - Shot by Milan Hejduk.
12:44 of 2nd period - Shot Misses the Net.
12:46 of 2nd period - Shot by T.J. Oshie.
12:46 of 2nd period - Stopped by Tomas Vokoun with a rebound.
13:04 of 2nd period - Shot by Daniel Briere.
13:04 of 2nd period - Shot Misses the Net.
14:05 of 2nd period - Shot by Brandon McMillan.
14:05 of 2nd period - Stopped by Joey MacDonald with a rebound.
14:07 of 2nd period - Shot by Kyle Brodziak.
14:07 of 2nd period - Goal by Kyle Brodziak - Avalanche : 1 - Flyers : 3.
14:08 of 2nd period - Tomas Kopecky wins face-off versus Brendan Morrison in neutral zone.
14:14 of 2nd period - Minor Penalty to Ladislav Smid for Hooking.
14:15 of 2nd period - John Madden wins face-off versus Olli Jokinen in Flyers zone.
14:26 of 2nd period - Shot by T.J. Oshie.
14:26 of 2nd period - Shot Misses the Net.
14:28 of 2nd period - Shot by T.J. Oshie.
14:28 of 2nd period - Shot Blocked by Kevin Bieksa.
14:30 of 2nd period - Shot by Kevin Klein.
14:30 of 2nd period - Shot Misses the Net.
14:36 of 2nd period - Shot by Olli Jokinen.
14:36 of 2nd period - Shot Misses the Net.
14:38 of 2nd period - Shot by T.J. Oshie.
14:38 of 2nd period - Shot Misses the Net.
14:40 of 2nd period - Shot by T.J. Oshie.
14:40 of 2nd period - Shot Misses the Net.
14:42 of 2nd period - Shot by Kevin Klein.
14:42 of 2nd period - Deflect By T.J. Oshie.
14:42 of 2nd period - Shot Misses the Net.
14:44 of 2nd period - Shot by Kevin Shattenkirk.
14:44 of 2nd period - Stopped by Tomas Vokoun without a rebound.
14:45 of 2nd period - Kyle Brodziak wins face-off versus Olli Jokinen in Flyers zone.
15:02 of 2nd period - Shot by Johan Franzen.
15:02 of 2nd period - Shot Misses the Net.
15:12 of 2nd period - Shot by Teemu Selanne.
15:12 of 2nd period - Shot Blocked by Andrej Sekera.
16:07 of 2nd period - Shot by John Carlson.
16:07 of 2nd period - Shot Misses the Net.
16:09 of 2nd period - Shot by Derek Stepan.
16:09 of 2nd period - Shot Misses the Net.
16:11 of 2nd period - Shot by John Carlson.
16:11 of 2nd period - Stopped by Tomas Vokoun with a rebound.
16:14 of 2nd period - Derek Stepan is hit by Ladislav Smid and loses puck.
16:24 of 2nd period - Shawn Horcoff is hit by Raffi Torres and loses puck.
16:30 of 2nd period - Minor Penalty to Raffi Torres for Roughing.
16:31 of 2nd period - Nino Niederreiter wins face-off versus Olli Jokinen in Flyers zone.
17:10 of 2nd period - Shot by John Carlson.
17:10 of 2nd period - Shot Misses the Net.
17:56 of 2nd period - Kevin Klein is hit by Kyle Brodziak and loses puck.
18:11 of 2nd period - Shot by T.J. Oshie.
18:11 of 2nd period - Shot Hit the Post.
18:49 of 2nd period - Shot by Andrei Markov.
18:49 of 2nd period - Stopped by Joey MacDonald without a rebound.
18:50 of 2nd period - Justin Abdelkader wins face-off versus Tim Connolly in Avalanche zone.
18:55 of 2nd period - Shot by Daniel Briere.
18:55 of 2nd period - Shot Misses the Net.
18:59 of 2nd period - Shot by Daniel Briere.
18:59 of 2nd period - Shot Blocked by Chris Pronger.
19:03 of 2nd period - Shot by Daniel Briere.
19:03 of 2nd period - Stopped by Tomas Vokoun without a rebound.
19:04 of 2nd period - Brendan Morrison wins face-off versus Justin Abdelkader in Flyers zone.
19:50 of 2nd period - Shot by Teemu Selanne.
19:50 of 2nd period - Shot Misses the Net.

Period #3

0:01 of 3rd period - Daniel Briere wins face-off versus Tim Connolly in neutral zone.
0:35 of 3rd period - Shot by Tim Connolly.
0:35 of 3rd period - Shot Misses the Net.
0:39 of 3rd period - Shot by Chris Pronger.
0:39 of 3rd period - Stopped by Joey MacDonald without a rebound.
0:40 of 3rd period - Olli Jokinen wins face-off versus Brendan Morrison in Avalanche zone.
0:52 of 3rd period - Icing by Kevin Shattenkirk.
0:53 of 3rd period - John Madden wins face-off versus Olli Jokinen in Avalanche zone.
0:56 of 3rd period - Shot by Lee Stempniak.
0:56 of 3rd period - Shot Misses the Net.
0:58 of 3rd period - Shot by Ladislav Smid.
0:58 of 3rd period - Shot Misses the Net.
1:00 of 3rd period - Shot by Lee Stempniak.
1:00 of 3rd period - Stopped by Joey MacDonald with a rebound.
1:18 of 3rd period - Minor Penalty to Rostislav Klesla for Hooking.
1:19 of 3rd period - Kyle Brodziak wins face-off versus Daniel Briere in Flyers zone.
1:30 of 3rd period - Shot by Teemu Selanne.
1:30 of 3rd period - Shot Blocked by Chris Pronger.
1:32 of 3rd period - Shot by John Carlson.
1:32 of 3rd period - Shot Blocked by Pascal Dupuis.
1:34 of 3rd period - Shot by Teemu Selanne.
1:34 of 3rd period - Shot Misses the Net.
1:38 of 3rd period - Shot by Teemu Selanne.
1:38 of 3rd period - Shot Misses the Net.
1:42 of 3rd period - Shot by Daniel Briere.
1:42 of 3rd period - Shot Misses the Net.
1:44 of 3rd period - Shot by Johan Franzen.
1:44 of 3rd period - Stopped by Tomas Vokoun without a rebound.
1:45 of 3rd period - Kyle Brodziak wins face-off versus Olli Jokinen in Flyers zone.
1:45 of 3rd period - Kyle Brodziak is hit by Olli Jokinen.
2:34 of 3rd period - Off-side.
2:35 of 3rd period - John Madden wins face-off versus Daniel Briere in neutral zone.
2:55 of 3rd period - Teemu Selanne is hit by Ladislav Smid and loses puck.
3:17 of 3rd period - Icing by Milan Hejduk.
3:18 of 3rd period - Tim Connolly wins face-off versus Shawn Horcoff in Avalanche zone.
3:23 of 3rd period - Shot by Radim Vrbata.
3:23 of 3rd period - Shot Misses the Net.
3:37 of 3rd period - Shot by Derek Stepan.
3:37 of 3rd period - Stopped by Tomas Vokoun without a rebound.
3:38 of 3rd period - Brendan Morrison wins face-off versus Justin Abdelkader in Flyers zone.
4:01 of 3rd period - Shot by Justin Abdelkader.
4:01 of 3rd period - Shot Misses the Net.
4:43 of 3rd period - Shot by Tim Connolly.
4:43 of 3rd period - Shot Blocked by Kevin Klein.
5:01 of 3rd period - Shot by Pascal Dupuis.
5:01 of 3rd period - Shot Misses the Net.
5:03 of 3rd period - Shot by Kevin Bieksa.
5:03 of 3rd period - Shot Blocked by Kevin Klein.
5:12 of 3rd period - Minor Penalty to Pascal Dupuis for Holding.
5:13 of 3rd period - Kyle Brodziak wins face-off versus Daniel Briere in Flyers zone.
5:48 of 3rd period - Shot by Teemu Selanne.
5:48 of 3rd period - Goal by Teemu Selanne - Avalanche : 2 - Flyers : 3.
5:49 of 3rd period - Kyle Brodziak wins face-off versus Shawn Horcoff in neutral zone.
5:56 of 3rd period - Shot by Chris Pronger.
5:56 of 3rd period - Stopped by Joey MacDonald without a rebound.
5:57 of 3rd period - Brendan Morrison wins face-off versus Shawn Horcoff in Avalanche zone.
6:03 of 3rd period - Brendan Morrison is hit by Paul Mara and loses puck.
6:07 of 3rd period - Minor Penalty to Paul Mara for Delaying the game.
6:08 of 3rd period - Justin Abdelkader wins face-off versus Tim Connolly in Avalanche zone.
6:36 of 3rd period - Shot by Andrei Markov.
6:36 of 3rd period - Shot Blocked by T.J. Oshie.
6:57 of 3rd period - Icing by Kevin Bieksa.
6:58 of 3rd period - T.J. Oshie wins face-off versus Nino Niederreiter in Flyers zone.
7:21 of 3rd period - Shot by Kevin Bieksa.
7:21 of 3rd period - Goal by Kevin Bieksa - Avalanche : 2 - Flyers : 4.
7:21 of 3rd period - Antti Niemi enters game.
7:22 of 3rd period - John Madden wins face-off versus Daniel Briere in neutral zone.
7:35 of 3rd period - Shot by Daniel Briere.
7:35 of 3rd period - Stopped by Tomas Vokoun with a rebound.
7:45 of 3rd period - Shot by Daniel Briere.
7:45 of 3rd period - Shot Misses the Net.
7:47 of 3rd period - Shot by Teemu Selanne.
7:47 of 3rd period - Shot Misses the Net.
7:49 of 3rd period - Shot by Teemu Selanne.
7:49 of 3rd period - Stopped by Tomas Vokoun without a rebound.
7:50 of 3rd period - Randy Jones wins face-off versus Justin Abdelkader in Flyers zone.
8:02 of 3rd period - Icing by Kevin Shattenkirk.
8:03 of 3rd period - Tim Connolly wins face-off versus Justin Abdelkader in Avalanche zone.
9:18 of 3rd period - Shot by Daniel Briere.
9:18 of 3rd period - Shot Blocked by Andrej Sekera.
9:20 of 3rd period - Shot by Daniel Briere.
9:20 of 3rd period - Shot Misses the Net.
9:24 of 3rd period - Shot by Teemu Selanne.
9:24 of 3rd period - Shot Misses the Net.
9:26 of 3rd period - Shot by John Carlson.
9:26 of 3rd period - Goal by John Carlson - Avalanche : 3 - Flyers : 4.
9:27 of 3rd period - Olli Jokinen wins face-off versus John Madden in neutral zone.
9:39 of 3rd period - Olli Jokinen is hit by Ladislav Smid and loses puck.
9:54 of 3rd period - Shot by Lee Stempniak.
9:54 of 3rd period - Shot Misses the Net.
10:12 of 3rd period - Shot by Mike Knuble.
10:12 of 3rd period - Shot Blocked by Ladislav Smid.
10:14 of 3rd period - Shot by Derek Stepan.
10:14 of 3rd period - Shot Misses the Net.
10:16 of 3rd period - Shot by Derek Stepan.
10:16 of 3rd period - Shot Misses the Net.
10:18 of 3rd period - Shot by Mike Knuble.
10:18 of 3rd period - Stopped by Tomas Vokoun without a rebound.
10:19 of 3rd period - Daniel Briere wins face-off versus Tim Connolly in Flyers zone.
10:24 of 3rd period - Shot by Daniel Briere.
10:24 of 3rd period - Shot Blocked by Kevin Bieksa.
10:28 of 3rd period - Shot by Teemu Selanne.
10:28 of 3rd period - Shot Misses the Net.
10:32 of 3rd period - Shot by Daniel Briere.
10:32 of 3rd period - Shot Misses the Net.
10:34 of 3rd period - Shot by Michael Del Zotto.
10:34 of 3rd period - Stopped by Tomas Vokoun with a rebound.
10:36 of 3rd period - Shot by John Carlson.
10:36 of 3rd period - Shot Misses the Net.
10:42 of 3rd period - Shot by Teemu Selanne.
10:42 of 3rd period - Stopped by Tomas Vokoun without a rebound.
10:43 of 3rd period - Brendan Morrison wins face-off versus Shawn Horcoff in Flyers zone.
11:21 of 3rd period - Shot by Derek Stepan.
11:21 of 3rd period - Stopped by Tomas Vokoun with a rebound.
11:28 of 3rd period - Icing by Andrej Sekera.
11:29 of 3rd period - Olli Jokinen wins face-off versus Brendan Morrison in Flyers zone.
11:44 of 3rd period - Shot by Olli Jokinen.
11:44 of 3rd period - Deflect By Milan Hejduk.
11:44 of 3rd period - Shot Misses the Net.
12:36 of 3rd period - Shot by Teemu Selanne.
12:36 of 3rd period - Stopped by Tomas Vokoun without a rebound.
12:37 of 3rd period - Tim Connolly wins face-off versus Shawn Horcoff in Flyers zone.
13:33 of 3rd period - Mike Knuble is hit by Lee Stempniak and loses puck.
13:53 of 3rd period - Ladislav Smid is hit by Michael Del Zotto.
14:08 of 3rd period - Icing by Rostislav Klesla.
14:09 of 3rd period - Olli Jokinen wins face-off versus John Madden in Flyers zone.
14:43 of 3rd period - Shot by Kyle Brodziak.
14:43 of 3rd period - Stopped by Antti Niemi without a rebound.
14:44 of 3rd period - Tim Connolly wins face-off versus Daniel Briere in Avalanche zone.
15:26 of 3rd period - Icing by John Carlson.
15:27 of 3rd period - Brendan Morrison wins face-off versus Daniel Briere in Avalanche zone.
15:37 of 3rd period - Icing by Michael Del Zotto.
15:38 of 3rd period - Daniel Briere wins face-off versus John Madden in Avalanche zone.
15:59 of 3rd period - Shot by Lee Stempniak.
15:59 of 3rd period - Stopped by Antti Niemi without a rebound.
16:00 of 3rd period - Brendan Morrison wins face-off versus Olli Jokinen in Avalanche zone.
16:03 of 3rd period - Shot by Raffi Torres.
16:03 of 3rd period - Stopped by Antti Niemi without a rebound.
16:04 of 3rd period - Johan Franzen wins face-off versus Brendan Morrison in Avalanche zone.
16:09 of 3rd period - Shot by Olli Jokinen.
16:09 of 3rd period - Shot Blocked by Andrej Sekera.
16:35 of 3rd period - Icing by Niklas Hagman.
16:36 of 3rd period - Brendan Morrison wins face-off versus Shawn Horcoff in Flyers zone.
16:56 of 3rd period - Minor Penalty to Ladislav Smid for Holding.
16:57 of 3rd period - John Madden wins face-off versus Daniel Briere in Flyers zone.
17:46 of 3rd period - Shot by Kevin Shattenkirk.
17:46 of 3rd period - Shot Misses the Net.
17:48 of 3rd period - Shot by T.J. Oshie.
17:48 of 3rd period - Deflect By Olli Jokinen.
17:48 of 3rd period - Goal by Olli Jokinen - Avalanche : 4 - Flyers : 4.
17:49 of 3rd period - Tim Connolly wins face-off versus Shawn Horcoff in neutral zone.
19:48 of 3rd period - Off-side.
19:49 of 3rd period - T.J. Oshie wins face-off versus Raffi Torres in neutral zone.

Overtime #1

0:01 of 1st overtime period - Tim Connolly wins face-off versus Daniel Briere in neutral zone.
0:23 of 1st overtime period - Icing by Chris Pronger.
0:24 of 1st overtime period - Tim Connolly wins face-off versus Johan Franzen in Flyers zone.
0:36 of 1st overtime period - Icing by John Carlson.
0:37 of 1st overtime period - Johan Franzen wins face-off versus Brendan Morrison in Avalanche zone.
0:37 of 1st overtime period - Johan Franzen is hit by Brendan Morrison.
0:57 of 1st overtime period - Icing by Andrej Sekera.
0:58 of 1st overtime period - Brendan Morrison wins face-off versus Daniel Briere in Flyers zone.
1:11 of 1st overtime period - Kevin Bieksa beats up Kevin Klein.
1:11 of 1st overtime period - Penalty to Kevin Bieksa for Fighting.
1:11 of 1st overtime period - Penalty to Kevin Klein for Fighting.
1:11 of 1st overtime period - Brendan Morrison and Daniel Briere fight to a draw.
1:11 of 1st overtime period - Penalty to Brendan Morrison for Fighting.
1:11 of 1st overtime period - Penalty to Daniel Briere for Fighting.
1:11 of 1st overtime period - Teemu Selanne beats up Radim Vrbata.
1:11 of 1st overtime period - Penalty to Radim Vrbata for Fighting.
1:11 of 1st overtime period - Penalty to Teemu Selanne for Fighting.
1:11 of 1st overtime period - Minor Penalty to Andrej Sekera for Roughing.
1:11 of 1st overtime period - Minor Penalty to Jason Demers for Cross-checking.
1:12 of 1st overtime period - Milan Hejduk wins face-off versus Tim Connolly in Avalanche zone.
1:32 of 1st overtime period - Shot by Tim Connolly.
1:32 of 1st overtime period - Deflect By Raffi Torres.
1:32 of 1st overtime period - Shot Misses the Net.
2:04 of 1st overtime period - Shot by T.J. Oshie.
2:04 of 1st overtime period - Shot Misses the Net.
2:16 of 1st overtime period - Shot by T.J. Oshie.
2:16 of 1st overtime period - Shot Misses the Net.
2:53 of 1st overtime period - Icing by Andrei Markov.
2:54 of 1st overtime period - Kyle Brodziak wins face-off versus Milan Hejduk in Flyers zone.
3:49 of 1st overtime period - Shot by Derek Stepan.
3:49 of 1st overtime period - Shot Misses the Net.
4:14 of 1st overtime period - Icing by Ladislav Smid.
4:15 of 1st overtime period - T.J. Oshie wins face-off versus Raffi Torres in Flyers zone.

ShootOut

ShootOut - Penalty Shot by Teemu Selanne for Avalanche.
ShootOut - Goal by Teemu Selanne.
ShootOut - Penalty Shot by Niklas Hagman for Flyers.
ShootOut - Stopped by Antti Niemi.
ShootOut - Penalty Shot by Daniel Briere for Avalanche.
ShootOut - Goal by Daniel Briere.
ShootOut - Penalty Shot by Brendan Morrison for Flyers.
ShootOut - Stopped by Antti Niemi.


Output by the SimonT Hockey Simulator (STHS) for Stephane Roy -- Original Page W3C XHTML 1.0 Valid